 Dungeon Crawl Stone Soup version 0.31-a0-986-g5e6e4ef867 (webtiles) character file.

Game seed: 15184191007195571195

269 bmb222 the Ruffian (level 6, -2/43 HPs)
             Began as a Demonspawn Shapeshifter on Nov 22, 2023.
             Was an Initiate of Gozag.
             Slain by an ogre
             ... wielding a +0 giant club
              (25 damage)
             ... on level 5 of the Dungeon.
             The game lasted 00:04:50 (4205 turns).

bmb222 the Ruffian (Demonspawn Shapeshifter)        Turns: 4205, Time: 00:04:51

Health: -2/43      AC:  9    Str: 16    XL:     6   Next: 1%
Magic:  0/6        EV:  9    Int: 18    God:    Gozag
Gold:   315        SH:  0    Dex: 12    Spells: 5/5 levels left

rFire   . .          .
                       - Unarmed
rCold   . . .        (no shield)
rNeg    . . .        t - +0 chain mail
rPois   .            (helmet currently unavailable)
rElec   .            (cloak currently unavailable)
rCorr   .            (gloves currently unavailable)
SInv    .            (boots currently unavailable)
Will    .....        j - amulet of guardian spirit Stlth
                     o - +6 ring of intelligence
HPRegen 0.27/turn    (no ring)
MPRegen 0.10/turn

%: guardian spirit
@: beast-form, hasted, very quick
A: beast (slay +2), foul stench 1, spiny 2, sturdy frame 1
a: Begin Untransformation, Renounce Religion, Potion Petition, Call Merchant,
Bribe Branch


You were on level 5 of the Dungeon.
You worshipped Gozag.
Gozag was aware of your devotion.
You were a hulking beast.
You visited 1 branch of the dungeon, and saw 5 of its levels.

You collected 360 gold pieces.
You paid 45 gold pieces to Gozag.

Inventory:

Armour
 a - a +0 animal skin
 i - a +0 ring mail
 t - a +0 chain mail (worn)
Jewellery
 j - an amulet of guardian spirit (around neck)
 o - a +6 ring of intelligence (left hand)
Talismans
 c - a beast talisman
 d - a flux talisman
Scrolls
 e - 2 scrolls of blinking
 g - 3 scrolls of enchant weapon {unknown}
 m - 2 scrolls of teleportation {unknown}
 n - 2 scrolls of amnesia {unknown}
 q - a scroll of enchant armour {unknown}
 s - a scroll of torment {unknown}
 u - a scroll of noise {unknown}
Potions
 b - a potion of lignification
 f - 2 potions of degeneration
 k - a potion of mutation {unknown}
 l - a potion of enlightenment {unknown}
 r - a potion of invisibility {unknown}


   Skills:
 + Level 1.4 Fighting
 * Level 2.8 Armour
 - Level 1.7 Dodging
 + Level 4.4 Unarmed Combat
 + Level 3.5 Shapeshifting


You had 5 spell levels left.
You didn't know any spells.
Your spell library contained the following spells:

 Spells                   Type           Power      Damage    Failure   Level
 Gell's Gravitas          Tloc           0%         N/A       99%         3
 Teleport Other           Tloc           0%         N/A       99%         3
 Dispersal                Tloc           0%         N/A       100%        6


Dungeon Overview and Level Annotations

Branches:
Dungeon (5/15)             Temple (0/1) D:4

Altars:
Ashenzari
Gozag
Qazlal
Xom
Yredelemnul


Innate Abilities, Weirdness & Mutations

You are a hulking beast.
Your limbs bulge with bestial killing power. (Slay +2)
You may rarely emit foul miasma when damaged in melee.
You are mostly covered in sharp spines.
Your movements are slightly less encumbered by armour. (ER -2)


Message History

Okay, then.
Blink to where?
Press: ? - help, Dir - move target
As you read the scroll labelled UTO QIOMABIBIRCH, it crumbles to dust.
It was a scroll of blinking.
There is an escape hatch in the floor here.
You slide downwards.
The hatch slams shut behind you.
Found a stone staircase leading down.
You start resting.
A dart slug comes into view.
You hit the dart slug.
The dart slug is moderately wounded.
You punch the dart slug!
You kill the dart slug!
You start resting.
Magic restored.
You start resting.
An ogre is nearby!
Okay, then.
The ogre shouts!
Okay, then.
Okay, then.
As you read the scroll labelled WELOMA WIECH, it crumbles to dust.
It is a scroll of identify.
f - 2 potions of degeneration
As you read the scroll of identify, it crumbles to dust.
p - a potion of haste You feel yourself speed up.
You hit the ogre.
The ogre is lightly wounded.
The ogre hits you with a +0 giant club!
You hit the ogre.
The ogre is lightly wounded.
You hit the ogre but do no damage.
The ogre is lightly wounded.
The ogre is struck by your spines.
The ogre hits you with a +0 giant club!!
Ouch! That really hurt!
You die...
Your body crumbles into a pile of gold.

.....# .....#
...### ...# ..##
##### ### #...# #
###...###
####.#.......######
#.....>...Oh......#
##
............####.#
.. ...#..##...###
.# ......$....# .#
....#.#######
.#..##. #.......
........ ..##.#..


You could see an ogre.

Vanquished Creatures
  A scorpion (D:3)
  A hound (D:3)
  An orc wizard (D:3)
  8 adders
  4 worms
  A dart slug (D:5)
  5 orcs
  5 bats
  3 endoplasms
  3 giant cockroaches
  8 hobgoblins
  4 jackals (D:1)
  2 quokkas
  6 ball pythons
  3 frilled lizards
  6 goblins
  3 kobolds
  5 rats
69 creatures vanquished.

Notes
Turn   | Place    | Note
-------+----------+-------------------------------------------
     0 | D:1      | bmb222 the Demonspawn Shapeshifter began the quest for the
                  | Orb.
     0 | D:1      | Reached XP level 1. HP: 15/15 MP: 1/1
   287 | D:1      | Gained mutation: You may rarely emit foul miasma when
                  | damaged in melee. [demonic ancestry]
   287 | D:1      | Reached XP level 2. HP: 9/21 MP: 2/2
   479 | D:1      | Reached skill level 3 in Unarmed Combat
   715 | D:2      | Found a stormy altar of Qazlal.
   740 | D:2      | You fall into a shaft and drop 1 floor!
   790 | D:3      | Gained mutation: You are partially covered in sharp spines.
                  | [demonic ancestry]
   790 | D:3      | Reached XP level 3. HP: 25/26 MP: 3/3
   807 | D:3      | Found an opulent altar of Gozag.
   821 | D:3      | Found a shimmering altar of Xom.
   823 | D:3      | Found a basalt altar of Yredelemnul.
   824 | D:3      | Found a broken altar of Ashenzari.
  1596 | D:3      | Reached skill level 1 in Armour
  1596 | D:3      | Gained mutation: You are mostly covered in sharp spines.
                  | [demonic ancestry]
  1596 | D:3      | Reached XP level 4. HP: 28/32 MP: 4/4
  1976 | D:3      | Reached XP level 5. HP: 37/37 MP: 5/5
  2043 | D:3      | Reached skill level 4 in Unarmed Combat
  2437 | D:3      | Became a worshipper of Gozag Ym Sagoz the Greedy
  2948 | D:4      | Found a staircase to the Ecumenical Temple.
  3924 | D:5      | Entered Level 5 of the Dungeon
  3924 | D:5      | Noticed an ogre
  4095 | D:5      | Gained mutation: Your movements are slightly less
                  | encumbered by armour. (ER -2) [demonic ancestry]
  4095 | D:5      | Reached XP level 6. HP: 43/43 MP: 6/6
  4205 | D:5      | Slain by an ogre

Illustrated notes

Levels and vault maps discovered:
D:1:      psy_arrival_terrarium, layout_basic, minmay_misc_feat_four_crosses,
          hex_intersection
D:2:      layout_basic, basic_altar, dk_vineyard_2
D:3:      layout_loops_corners, chequers_temple_overflow_minitemple
D:4:      layout_layer_cave, temple_doors_cd
D:5:      layout_loops_cross, nicolae_overflow_squiral,
          chequers_serial_rivers_micro_c

Skill      XL: |  1  2  3  4  5 |
---------------+----------------+-----
Shapeshifting  | 3 |  3.5
Unarmed Combat | 3 4 |  4.4
Armour         | 1 2 |  2.8
Fighting       | |  1.4
Dodging        | |  1.7

Action                     |  1- 3 |  4- 6 || total
---------------------------+-------+-------++-------
  Melee: Unarmed           |   116 |    68 ||   184
         Punch             |     3 |     5 ||     8
    Use: Scroll            |     3 |     3 ||     6
         Potion            |       |     1 ||     1
 Armour: Animal skin       |    28 |       ||    28
         Ring mail         |    33 |    23 ||    56
         Chain mail        |       |    12 ||    12
  Dodge: Dodged            |    61 |    25 ||    86

Table legend: (Time is in decaauts)
 A = Elapsed time spent in this place.
 B = Non-inter-level travel time spent in this place.
 C = Inter-level travel time spent in this place.
 D = Time resting spent in this place.
 E = Time spent auto-exploring this place.
 F = Levels seen in this place.
 G = Mean time per level.
                   A        B        C        D        E       F      G
               +--------+--------+--------+--------+--------+-----+--------+
         Total |   4189 |   3915 |    274 |    141 |   3157 |   5 |  837.8 |
       Dungeon |   4189 |   3915 |    274 |    141 |   3157 |   5 |  837.8 |
               +--------+--------+--------+--------+--------+-----+--------+

Top non-repeatable levels by time:
     D:3: 1353 daAuts
     D:4: 1183 daAuts
     D:2: 765 daAuts
     D:1: 662 daAuts
     D:5: 224 daAuts
